 Dungeon Crawl Stone Soup version 0.20.1-1-g8b1a95d (webtiles) character file.

448 tidbits the Insei (level 6, -1/47 HPs)
             Began as a Demigod Transmuter on Aug 22, 2017.
             Shot with an arrow by a centaur (9 damage)
             ... on level 7 of the Dungeon.
             The game lasted 00:16:45 (1486 turns).

tidbits the Insei (Demigod Transmuter)              Turns: 1486, Time: 00:16:45

Health: -1/47      AC:  8    Str: 12    XL:     6   Next: 45%
Magic:  4/12       EV: 14    Int: 20    God:
Gold:   207        SH:  0    Dex: 17    Spells: 3/9 levels left

rFire    . . .     SeeInvis +     - Unarmed
rCold    . . .     Gourm    .   (no shield)
rNeg     + . .     Faith    .   B - +0 robe
rPois    +         Spirit   .   (no helmet)
rElec    .         Reflect  .   E - +2 ratskin cloak {+Rats rPois rN+ Str-1 Int-1 Dex+1}
rCorr    .         Harm     +   (no gloves)
MR       .....                  F - +0 pair of boots
Stlth    ++........             m - amulet of harm (curse)
Regen    0.2/turn               I - ring of see invisible
MPRegen  0.2/turn               (no ring)

@: no status effects
A: hooves 1, repulsion field 1, slimy green scales 1, high mp 1, sense
surroundings 1
a: Evoke Ratskin


You were on level 7 of the Dungeon.
You were not hungry.

You visited 1 branch of the dungeon, and saw 7 of its levels.

You collected 207 gold pieces.

Inventory:

Missiles
 p - 36 stones (quivered)
 u - 24 sling bullets
Armour
 g - a +0 scale mail
 r - a +0 ring mail
 B - a +0 robe (worn)
 E - the +2 ratskin cloak (worn) {+Rats rPois rN+ Str-1 Int-1 Dex+1}
   (You found it on level 4 of the Dungeon)

   It affects your strength (-1).
   It affects your intelligence (-1).
   It affects your dexterity (+1).
   It protects you from poison.
   It protects you from negative energy.
 F - a +0 pair of boots (worn)
Jewellery
 m - a cursed amulet of harm (around neck)
   (You found it on level 2 of the Dungeon)
 s - an uncursed ring of ice
   (You found it on level 4 of the Dungeon)
 I - a ring of see invisible (left hand)
   (You found it on level 3 of the Dungeon)
Scrolls
 f - a scroll of teleportation
 j - a scroll of remove curse {unknown}
 n - a scroll of blinking {unknown}
 q - 3 scrolls of enchant weapon {unknown}
 v - a scroll of magic mapping {unknown}
Potions
 e - 2 potions of invisibility
 h - 2 potions of brilliance
 i - a potion of flight
 l - a potion of heal wounds {unknown}
 o - a potion of curing
 t - a potion of magic {unknown}
Books
 c - a book of Changes

   Spells                             Type                      Level
   a - Beastly Appendage              Transmutation                1
   b - Sticks to Snakes               Transmutation                2
   c - Spider Form                    Transmutation/Poison         3
   d - Ice Form                       Ice/Transmutation            4
   e - Blade Hands                    Transmutation                5
Comestibles
 b - 2 fruits
 d - 5 bread rations
 k - 2 meat rations


   Skills:
 - Level 1.0 Fighting
 - Level 1.8 Dodging
 * Level 5.8 Unarmed Combat
 - Level 2.3 Spellcasting
 + Level 3.6 Transmutations


You had 3 spell levels left.
You knew the following spells:

 Your Spells              Type           Power        Failure   Level  Hunger
e - Beastly Appendage     Tmut           ###...       3%          1    #......
k - Sticks to Snakes      Tmut           ###.....     4%          2    ##.....
p - Spider Form           Tmut/Pois      #.........   22%         3    ###....


Dungeon Overview and Level Annotations

Branches:
Dungeon (7/15)             Temple (0/1) D:5


Innate Abilities, Weirdness & Mutations

You have an increased reservoir of magic. (+10% MP)
You have large cloven feet.
You are surrounded by a mild repulsion field. (EV +2)
You are partially covered in slimy green scales. (AC +2)
You passively map a small area around you.


Message History

The +2 ratskin cloak {+Rats rPois rN+ Str-1 Int-1 Dex+1} unmelds from your body.
Your +0 pair of boots unmelds from your body.
Your +0 robe unmelds from your body.
Found a scroll of identify.
You see here a scroll of identify.
As you read the scroll of identify, it crumbles to dust.
i - a potion of flight
There is a stone staircase leading down here.
You climb downwards.
There is a stone staircase leading up here.
There is a stone staircase leading down here.
You climb downwards.
A bullfrog zombie comes into view.
Found 13 gold pieces.
There is a stone staircase leading up here.
Casting: Spider Form
Confirm with . or Enter, or press ? or * to list all spells.
You create a snake!
You now have 1 arrow.
Casting: Sticks to Snakes
Confirm with . or Enter, or press ? or * to list all spells.
You turn into a venomous arachnid creature.
The +2 ratskin cloak {+Rats rPois rN+ Str-1 Int-1 Dex+1} melds into your body.
Your +0 pair of boots melds into your body.
Your +0 robe melds into your body.
Your ball python closely misses the bullfrog zombie.
Your ball python grabs the bullfrog zombie.
Your ball python constricts the bullfrog zombie.
The bullfrog zombie hits you.
You hit the bullfrog zombie.
The bullfrog zombie is lightly damaged.
Your ball python bites the bullfrog zombie.
Your ball python constricts the bullfrog zombie.
The bullfrog zombie hits you.
You hit the bullfrog zombie.
The bullfrog zombie is lightly damaged.
Your ball python bites the bullfrog zombie.
Your ball python constricts the bullfrog zombie.
The bullfrog zombie hits you but does no damage.
You hit the bullfrog zombie.
The bullfrog zombie is moderately damaged.
Your ball python bites the bullfrog zombie.
Your ball python constricts the bullfrog zombie.
The bullfrog zombie hits you but does no damage.
You hit the bullfrog zombie.
The bullfrog zombie is heavily damaged.
Your ball python bites the bullfrog zombie.
Your ball python constricts the bullfrog zombie.
The bullfrog zombie completely misses you.
You bite the bullfrog zombie!
The bullfrog zombie is almost destroyed.
Your ball python bites the bullfrog zombie.
The bullfrog zombie is destroyed!
Your ball python looks stronger.
An orc wizard comes into view. It is wielding a dagger.
An orc wizard and a centaur come into view.
The orc wizard shouts!
An orc comes into view. It is wielding a flail.
Your transformation is almost over.
The orc wizard gestures wildly while chanting.
The orc wizard flickers and vanishes for a moment.
The centaur wields a shortbow.
The centaur shoots an arrow.
The arrow misses you.
You see here 13 gold pieces.
The orc wizard gestures at you while chanting.
The magic dart hits you!
The centaur shoots an arrow.
The arrow hits you! The orc wizard closely misses you.
An orc and an orc warrior come into view.
The orc warrior is wielding a hand axe of flaming.
You see here an arrow.
The orc warrior shouts!
The orc shouts!
You bite the orc wizard!
The orc wizard is poisoned.
The orc wizard is severely wounded.
The centaur shoots an arrow.
The arrow hits your ball python.
The orc wizard mumbles some strange words.
The orc wizard blinks!
Casting: Spider Form
Confirm with . or Enter, or press ? or * to list all spells.
You create a snake!
You now have no arrows remaining.
The centaur shoots an arrow.
The arrow hits your ball python!
Your ball python dies!
An orc priest and an orc wizard come into view.
You see here 13 gold pieces.
You kill the orc wizard!
The centaur shoots an arrow.
The arrow completely misses you.
Your ball python barely misses the centaur.
The centaur shoots an arrow.
The arrow completely misses you.
Your ball python barely misses the centaur.
The orc wizard points at you and mumbles some strange words.
The magic dart hits you!
* * * LOW HITPOINT WARNING * * *
Your ball python closely misses the orc wizard.
The centaur shoots an arrow.
The arrow hits you!
* * * LOW HITPOINT WARNING * * *
You see here an arrow.
Your transformation has ended.
The +2 ratskin cloak {+Rats rPois rN+ Str-1 Int-1 Dex+1} unmelds from your body.
Your +0 pair of boots unmelds from your body.
Your +0 robe unmelds from your body.
The centaur shoots an arrow.
The arrow hits you!
You die...

* * ## ##,* ..##. * ,
#... *.# , * #..###
*#... .###..<.#### ..#
.........((.####..# ,
.........@....#..#
#.........((....#
................### ,
..#............o.o####,
.,#..........$.o......
#.........ocoS....... ,
#............(....... *
, ,
...............o....
..........#.....o..


You could see an orc warrior, a centaur, an orc wizard (invisible), 2 orcs and a
friendly ball python.

Vanquished Creatures
  3 crimson imps (D:5)
  An orc priest (D:4)
  A centaur skeleton (D:5)
  3 orc wizards
  A worker ant (D:5)
  A hound zombie (D:3)
  3 adders
  3 oozes
  A worm (D:3)
  A dart slug (D:1)
  A leopard gecko (D:5)
  5 orcs
  A giant cockroach (D:5)
  3 goblins
  3 hobgoblins
  2 jackals (D:3)
  5 bats
  3 kobolds
  3 rats
44 creatures vanquished.

Vanquished Creatures (collateral kills)
  A phantom (D:4)
  A bullfrog zombie (D:7)
  An adder (D:4)
  A worm (D:2)
  A leopard gecko (D:4)
5 creatures vanquished.

Grand Total: 49 creatures vanquished

Notes
Turn   | Place    | Note
-------+----------+-------------------------------------------
     0 | D:1      | tidbits the Demigod Transmuter began the quest for the Orb.
     0 | D:1      | Reached XP level 1. HP: 15/15 MP: 5/5
    18 | D:1      | Reached skill level 1 in Fighting
   119 | D:1      | Reached skill level 3 in Unarmed Combat
   326 | D:2      | Reached XP level 2. HP: 13/23 MP: 5/7
   393 | D:2      | Learned a level 2 spell: Sticks to Snakes
   556 | D:3      | Reached XP level 3. HP: 25/28 MP: 6/8
   683 | D:3      | Reached skill level 2 in Spellcasting
   688 | D:3      | Learned a level 3 spell: Spider Form
   818 | D:4      | Noticed a phantom
   855 | D:4      | Killed a phantom
   855 | D:4      | Reached skill level 4 in Unarmed Combat
   855 | D:4      | Reached skill level 2 in Transmutations
   855 | D:4      | Reached XP level 4. HP: 17/35 MP: 2/10
   860 | D:4      | Gained mutation: You are weak. (Str -2) [potion of mutation]
   860 | D:4      | Gained mutation: Your movements are slightly less encumbered by armour. (ER -2) [potion of mutation]
   860 | D:4      | Gained mutation: Your spells are a little harder to cast, but a little more powerful. [potion of mutation]
   869 | D:4      | Lost mutation: Your movements are slightly less encumbered by armour. (ER -2) [potion of mutation]
   869 | D:4      | Lost mutation: You are weak. (Str -2) [potion of mutation]
   869 | D:4      | Lost mutation: Your spells are a little harder to cast, but a little more powerful. [potion of mutation]
   869 | D:4      | Gained mutation: You are partially covered in slimy green scales. (AC +2) [potion of mutation]
   869 | D:4      | Gained mutation: You have large cloven feet. [potion of mutation]
   869 | D:4      | Gained mutation: You are surrounded by a mild repulsion field. (EV +2) [potion of mutation]
   869 | D:4      | Gained mutation: You passively map a small area around you. [potion of mutation]
   881 | D:5      | Entered Level 5 of the Dungeon
   924 | D:5      | Noticed an ice beast
   950 | D:4      | HP: 3/35 [orc priest/hand axe (12)]
   950 | D:4      | HP: 1/35 [orc priest/hand axe (2)]
   962 | D:4      | Reached XP level 5. HP: 8/40 MP: 8/11
   971 | D:4      | Reached skill level 5 in Unarmed Combat
  1341 | D:5      | Found a staircase to the Ecumenical Temple.
  1374 | D:6      | Reached skill level 3 in Transmutations
  1406 | D:5      | Reached XP level 6. HP: 47/47 MP: 4/12
  1486 | D:7      | Shot with an arrow by a centaur

Skill      XL: |  1  2  3  4  5 |
---------------+----------------+-----
Fighting       | 1 |  1.0
Unarmed Combat | 3 4 5 |  5.8
Spellcasting   | 2 |  2.3
Transmutations | 2 3 |  3.6
Dodging        | |  1.8

Action                   |  1- 3 |  4- 6 || total
-------------------------+-------+-------++-------
Melee: Unarmed           |    76 |    69 ||   145
       Kick              |     7 |       ||     7
       Headbutt          |    10 |       ||    10
       Punch             |     1 |       ||     1
Throw: Stone             |     1 |       ||     1
 Cast: Beastly Appendage |    16 |       ||    16
       Sticks to Snakes  |     7 |     5 ||    12
       Spider Form       |     1 |    12 ||    13
 Abil: Evoke Ratskin     |     1 |       ||     1
  Use: Scroll            |       |     6 ||     6
       Potion            |       |     4 ||     4
 Stab: Sleeping          |     4 |       ||     4
  Eat: Chunk             |     1 |     2 ||     3
       Royal jelly       |       |     1 ||     1
Armor: Robe              |    12 |     8 ||    20
       Skin              |       |     3 ||     3
Dodge: Dodged            |    42 |    50 ||    92

Table legend:
 A = Turns spent in this place as a percentage of turns spent in the entire game.
 B = Non-inter-level travel turns spent in this place as a percentage of non-inter-level travel turns spent in the entire game.
 C = Inter-level travel turns spent in this place as a percentage of turns spent in this place.
 D = Turns resting spent in this place as a percentage of non-inter-level travel turns spent in this place.
 E = Turns spent auto-exploring this place as a percentage of non-inter-level travel turns spent in this place.
 F = Non-inter-level travel turns spent in this place divided by the number of levels of this place that you've seen.
                   A       B       C       D       E      F
               +-------+-------+-------+-------+-------+----------------------
         Total | 100.0 | 100.0 |   0.0 |   0.0 |   0.0 | 208.3
       Dungeon | 100.0 | 100.0 |   0.0 |   0.0 |   0.0 | 208.3
               +-------+-------+-------+-------+-------+----------------------

Table legend:
 A = Kills in this place as a percentage of kills in entire the game.
 B = Kills by you in this place as a percentage of kills by you in the entire game.
 C = Kills by friends in this place as a percentage of kills by friends in the entire game.
 D = Other kills in this place as a percentage of other kills in the entire game.
 E = Experience gained in this place as a percentage of experience gained in the entire game.
 F = Experience gained in this place divided by the number of levels of this place that you have seen.
                   A       B       C       D       E      F
               +-------+-------+-------+-------+-------+----------------------
         Total | 100.0 | 100.0 | 100.0 |  -nan | 100.0 |  91.6
       Dungeon | 100.0 | 100.0 | 100.0 |  -nan | 100.0 |  91.6
               +-------+-------+-------+-------+-------+----------------------

Vault maps used:
D:1:      scummos_arrival_forest
D:2:      minmay_door_square
D:3:      first_bread
D:4:      uniq_grinder
D:5:      minmay_temple_entry_grid, sigmund_army, uniq_crazy_yiuf_cottage
D:6:      uniq_menkaure
